NCAA
MISSISSIPPI REBELS @ WAKE FOREST DEMON DEACONS
05/21/2023
 
TOP OF THE 1ST
Mississippi Rebels batting - Pitching for Wake Forest Demon Deacons : LHP Kip Manning
Pitching: LHP Kip Manning
Batting: LHB Walt Ward 0-0: Called Strike
0-1: Swinging Strike
0-2: Ball
1-2: Strikes out looking
Batting: RHB Anthony Stanley 0-0: Ball
1-0: Swinging Strike
1-1: Called Strike
1-2: Strikes out swinging
Batting: LHB Joe Phelps 0-0: Ground out 3-1 (Groundball, 34S)
Top of the 1st over - 0 run(s), 0 hit(s), 0 error(s), 0 left on base; Mississippi 0 - Wake Forest 0
BOTTOM OF THE 1ST
Wake Forest Demon Deacons batting - Pitching for Mississippi Rebels : RHP Ron Brooks
Pitching: RHP Ron Brooks
Batting: LHB Greg Faulkner 0-0: Called Strike
0-1: Ball
1-1: Ball
2-1: Called Strike
2-2: Foul Ball, location: 2F
2-2: Foul Ball, location: 2F
2-2: Strikes out swinging
Batting: RHB Lou O'Higgins 0-0: Ground out 6-3 (Groundball, 6)
Batting: RHB Jesse McKnight 0-0: Ball
1-0: Foul Ball, location: 2F
1-1: Fly out, F9 (Flyball, 9M)
Bottom of the 1st over - 0 run(s), 0 hit(s), 0 error(s), 0 left on base; Mississippi 0 - Wake Forest 0
TOP OF THE 2ND
Mississippi Rebels batting - Pitching for Wake Forest Demon Deacons : LHP Kip Manning
Batting: LHB Gavin O'Keefe 0-0: Called Strike
0-1: Ball
1-1: Swinging Strike
1-2: Foul Ball, location: 2F
1-2: Ball
2-2: Foul Ball, location: 2F
2-2: Foul Ball, location: 2F
2-2: SINGLE (Groundball, 34D) (infield hit)
Batting: RHB Norm Richardson 0-0: Ball
1-0: Called Strike
1-1: Ball
2-1: Ball
3-1: Base on Balls
Gavin O'Keefe to second
Batting: RHB Justin Johnson 0-0: Ball
1-0: Fly out, F3 (Popup, 3F)
Batting: RHB Alejandro Ruíz 0-0: SINGLE (Groundball, 5D)
Gavin O'Keefe to third
Norm Richardson to second
Runner from 3rd tries for Home, SAFE, throw made at trailing runner, SAFE at third!
Batting: LHB Todd Anderson 0-0: Ball
1-0: Swinging Strike
1-1: Ball
2-1: Foul Ball, location: 2F
2-2: Ball
3-2: Strikes out swinging
Batting: LHB Roger Warren 0-0: Ball
1-0: Called Strike
1-1: Foul Ball, location: 2F
1-2: Strikes out swinging
Top of the 2nd over - 1 run(s), 2 hit(s), 0 error(s), 2 left on base; Mississippi 1 - Wake Forest 0
BOTTOM OF THE 2ND
Wake Forest Demon Deacons batting - Pitching for Mississippi Rebels : RHP Ron Brooks
Batting: RHB Jim Villiers 0-0: Ball
1-0: Ball
2-0: Fly out, F8 (Popup, 8LS)
Batting: LHB Garrett King 0-0: Swinging Strike
0-1: Ball
1-1: Fly out, F7 (Flyball, 7M)
Batting: SHB Guillermo Leal 0-0: Ball
1-0: Fly out, F4 (Line Drive, 4)
Bottom of the 2nd over - 0 run(s), 0 hit(s), 0 error(s), 0 left on base; Mississippi 1 - Wake Forest 0
TOP OF THE 3RD
Mississippi Rebels batting - Pitching for Wake Forest Demon Deacons : LHP Kip Manning
Batting: LHB Walt Ward 0-0: Swinging Strike
0-1: Foul Ball, location: 2F
0-2: Strikes out swinging
Batting: RHB Anthony Stanley 0-0: Ground out 4-3 (Groundball, 34)
Batting: LHB Joe Phelps 0-0: Called Strike
0-1: Ball
1-1: Foul Ball, location: 2F
1-2: Ball
2-2: Foul Ball, location: 2F
2-2: Strikes out swinging
Top of the 3rd over - 0 run(s), 0 hit(s), 0 error(s), 0 left on base; Mississippi 1 - Wake Forest 0
BOTTOM OF THE 3RD
Wake Forest Demon Deacons batting - Pitching for Mississippi Rebels : RHP Ron Brooks
Batting: SHB Terry Dailey 0-0: Called Strike
0-1: Foul Ball, location: 2F
0-2: Ball
1-2: Foul Ball, location: 2F
1-2: Strikes out swinging
Batting: LHB Ken Smith 0-0: Ball
1-0: Ball
2-0: Called Strike
2-1: Ball
3-1: Fly out, F3 (Line Drive, 3)
Batting: LHB Roberto Félix 0-0: Ball
1-0: Called Strike
1-1: SINGLE (Line Drive, 7LS)
Batting: LHB Greg Faulkner 0-0: Called Strike
0-1: Swinging Strike
0-2: Ground out 2-3 (Groundball, 23)
Bottom of the 3rd over - 0 run(s), 1 hit(s), 0 error(s), 1 left on base; Mississippi 1 - Wake Forest 0
TOP OF THE 4TH
Mississippi Rebels batting - Pitching for Wake Forest Demon Deacons : LHP Kip Manning
Batting: LHB Gavin O'Keefe 0-0: Called Strike
0-1: Ball
1-1: Ball
2-1: Called Strike
2-2: Strikes out swinging
Batting: RHB Norm Richardson 0-0: Called Strike
0-1: Ball
1-1: Swinging Strike
1-2: Ball
2-2: Foul Ball, location: 2F
2-2: Ball
3-2: Strikes out swinging
Batting: RHB Justin Johnson 0-0: Called Strike
0-1: Called Strike
0-2: Strikes out looking
Top of the 4th over - 0 run(s), 0 hit(s), 0 error(s), 0 left on base; Mississippi 1 - Wake Forest 0
BOTTOM OF THE 4TH
Wake Forest Demon Deacons batting - Pitching for Mississippi Rebels : RHP Ron Brooks
Batting: RHB Lou O'Higgins 0-0: Fly out, F9 (Flyball, 89M)
Batting: RHB Jesse McKnight 0-0: Ball
1-0: Swinging Strike
1-1: Ball
2-1: Called Strike
2-2: Foul Ball, location: 2F
2-2: Ground out 1-3 (Groundball, 15)
Batting: RHB Jim Villiers 0-0: Called Strike
0-1: Ball
1-1: Foul Ball, location: 2F
1-2: Ball
2-2: Strikes out swinging
Bottom of the 4th over - 0 run(s), 0 hit(s), 0 error(s), 0 left on base; Mississippi 1 - Wake Forest 0
TOP OF THE 5TH
Mississippi Rebels batting - Pitching for Wake Forest Demon Deacons : LHP Kip Manning
Batting: RHB Alejandro Ruíz 0-0: Called Strike
0-1: Swinging Strike
0-2: Ball
1-2: Ball
2-2: SINGLE (Line Drive, 8LS)
Batting: LHB Todd Anderson 0-0: Swinging Strike
0-1: Fielders Choice at 2nd, 4-6 (Groundball, 34)
Batting: LHB Roger Warren 0-0: Called Strike
0-1: Ball
1-1: Ball
2-1: Hit by Pitch
Todd Anderson to second
Batting: LHB Walt Ward 0-0: Called Strike
0-1: Ball
Todd Anderson is caught stealing 3rd base
Roger Warren to second
1-1: Swinging Strike
1-2: Ball
2-2: Strikes out looking
Top of the 5th over - 0 run(s), 1 hit(s), 0 error(s), 1 left on base; Mississippi 1 - Wake Forest 0
BOTTOM OF THE 5TH
Wake Forest Demon Deacons batting - Pitching for Mississippi Rebels : RHP Ron Brooks
Batting: LHB Garrett King 0-0: Hit by Pitch
Batting: SHB Guillermo Leal Pickoff Throw to First - Out!
0-0: DOUBLE (Line Drive, 6D)
Batting: SHB Terry Dailey 0-0: Ball
1-0: Called Strike
1-1: Ball
2-1: Ball
3-1: Foul Ball, location: 2F
3-2: Fly out, F7 (Line Drive, 7M)
Batting: LHB Ken Smith 0-0: Called Strike
0-1: Ball
1-1: Ball
2-1: Swinging Strike
2-2: Ball
3-2: Foul Ball, location: 2F
3-2: Foul Ball, location: 2F
3-2: Base on Balls
Batting: LHB Roberto Félix 0-0: Foul Ball, location: 2F
0-1: Swinging Strike
0-2: Strikes out looking
Bottom of the 5th over - 0 run(s), 1 hit(s), 0 error(s), 2 left on base; Mississippi 1 - Wake Forest 0
TOP OF THE 6TH
Mississippi Rebels batting - Pitching for Wake Forest Demon Deacons : LHP Kip Manning
Batting: RHB Anthony Stanley 0-0: Foul Ball, location: 2F
0-1: Called Strike
0-2: Foul Ball, location: 2F
0-2: Ground out 1-3 (Groundball, 13S)
Pitching: RHP Mario Árias
Batting: LHB Joe Phelps 0-0: Called Strike
0-1: Called Strike
0-2: SINGLE (Flyball, 9LS)
Batting: LHB Gavin O'Keefe 0-0: Ball
1-0: Ball
2-0: Foul Ball, location: 2F
2-1: Swinging Strike
2-2: Foul Ball, location: 2F
2-2: Fielders Choice at 2nd, 4-6 (Groundball, 34)
Batting: RHB Norm Richardson 0-0: Ball
1-0: Fly out, F7 (Flyball, 78M)
Top of the 6th over - 0 run(s), 1 hit(s), 0 error(s), 1 left on base; Mississippi 1 - Wake Forest 0
BOTTOM OF THE 6TH
Wake Forest Demon Deacons batting - Pitching for Mississippi Rebels : RHP Ron Brooks
Batting: LHB Greg Faulkner 0-0: Fly out, F7 (Line Drive, 78S)
Batting: RHB Lou O'Higgins 0-0: Ball
1-0: Fly out, F8 (Flyball, 8LM)
Batting: RHB Jesse McKnight 0-0: SOLO HOME RUN (Line Drive, 9D), Distance : 368 ft
Batting: RHB Jim Villiers 0-0: Ball
1-0: Foul Ball, location: 2F
1-1: SOLO HOME RUN (Flyball, 8LXD), Distance : 383 ft
Batting: LHB Garrett King 0-0: Fly out, F9 (Flyball, 89M)
Bottom of the 6th over - 2 run(s), 2 hit(s), 0 error(s), 0 left on base; Mississippi 1 - Wake Forest 2
TOP OF THE 7TH
Mississippi Rebels batting - Pitching for Wake Forest Demon Deacons : RHP Mario Árias
Batting: RHB Justin Johnson 0-0: Foul Ball, location: 2F
0-1: Fly out, F7 (Line Drive, 7M)
Batting: RHB Alejandro Ruíz 0-0: Ball
1-0: Fly out, F8 (Line Drive, 8LD)
Batting: LHB Todd Anderson 0-0: Ball
1-0: Called Strike
1-1: Foul Ball, location: 2F
1-2: Strikes out looking
Top of the 7th over - 0 run(s), 0 hit(s), 0 error(s), 0 left on base; Mississippi 1 - Wake Forest 2
BOTTOM OF THE 7TH
Wake Forest Demon Deacons batting - Pitching for Mississippi Rebels : RHP Ron Brooks
Batting: SHB Guillermo Leal 0-0: Ball
1-0: Called Strike
1-1: Ball
2-1: SINGLE (Line Drive, 7S)
Pitching: RHP Patrick Moore
Batting: SHB Terry Dailey 0-0: Called Strike
0-1: Foul Ball, location: 2F
0-2: Foul Ball, location: 2F
0-2: Fielders Choice at 2nd, 4-6 (Groundball, 34)
Batting: LHB Ken Smith 0-0: Ball
1-0: Foul Ball, location: 2F
1-1: Fly out, F5 (Popup, 5F)
Pinch Hitting: RHB Ronald Spencer 0-0: Fly out, F9 (Flyball, 89M)
Bottom of the 7th over - 0 run(s), 1 hit(s), 0 error(s), 1 left on base; Mississippi 1 - Wake Forest 2
TOP OF THE 8TH
Mississippi Rebels batting - Pitching for Wake Forest Demon Deacons : RHP Mario Árias
Pitching: RHP Jorge Flores
Now at 2B: Ramón Sheppard
Now in LF: Eric Rowe
Batting: LHB Roger Warren 0-0: Called Strike
0-1: Called Strike
0-2: Ball
1-2: Strikes out swinging passed ball, reaches first!
Pitching: LHP Marc Young
Batting: LHB Walt Ward 0-0: Called Strike
0-1: Foul Ball, location: 2F
0-2: Foul Ball, location: 2F
0-2: Ball
1-2: Foul Ball, location: 2F
1-2: Ground out 3-1 (Groundball, 34)
Roger Warren to second
Pitching: RHP Cisco García
Batting: RHB Anthony Stanley 0-0: Ball
1-0: Ball
2-0: Ball
3-0: Base on Balls
Pitching: LHP Gerardo Cortéz
Batting: LHB Joe Phelps 0-0: Ball
1-0: Called Strike
1-1: Ball
2-1: Called Strike
2-2: Ball
3-2: Fielders Choice at 2nd, 4-6 (Groundball, 34)
Roger Warren to third
Batting: LHB Gavin O'Keefe 0-0: Ball
1-0: Ball
2-0: Ball
3-0: Fly out, F9 (Line Drive, 9D)
Top of the 8th over - 0 run(s), 0 hit(s), 0 error(s), 2 left on base; Mississippi 1 - Wake Forest 2
BOTTOM OF THE 8TH
Wake Forest Demon Deacons batting - Pitching for Mississippi Rebels : RHP Patrick Moore
Batting: LHB Greg Faulkner 0-0: DOUBLE (Line Drive, 5L)
Batting: RHB Lou O'Higgins 0-0: Called Strike
0-1: Fly out, F7 (Flyball, 8LS)
Batting: RHB Jesse McKnight 0-0: Called Strike
0-1: 2-RUN HOME RUN (Flyball, 89XD), Distance : 380 ft
Batting: RHB Jim Villiers 0-0: SINGLE (Flyball, 89S)
Batting: LHB Garrett King 0-0: Ball
1-0: Called Strike
1-1: Foul Ball, location: 2F
1-2: 2-RUN HOME RUN (Flyball, 9LD), Distance : 320 ft
Pitching: RHP Mauro Gómez
Batting: SHB Guillermo Leal 0-0: Called Strike
0-1: Foul Ball, location: 2F
0-2: Strikes out swinging
Batting: SHB Terry Dailey 0-0: Foul Ball, location: 2F
0-1: Called Strike
0-2: Ball
1-2: SINGLE (Line Drive, 4M)
Batting: RHB Ramón Sheppard 0-0: Ball
1-0: Called Strike
1-1: Ball
2-1: SINGLE (Groundball, 56D)
Terry Dailey to second
Batting: RHB Eric Rowe 0-0: Ball
1-0: Swinging Strike
1-1: Ball
2-1: Ball
3-1: Base on Balls
Terry Dailey to third
Ramón Sheppard to second
Batting: LHB Greg Faulkner 0-0: Foul Ball, location: 2F
0-1: Ball
1-1: Called Strike
1-2: Strikes out swinging
Bottom of the 8th over - 4 run(s), 6 hit(s), 0 error(s), 3 left on base; Mississippi 1 - Wake Forest 6
TOP OF THE 9TH
Mississippi Rebels batting - Pitching for Wake Forest Demon Deacons : LHP Gerardo Cortéz
Batting: RHB Norm Richardson 0-0: Ball
1-0: Called Strike
1-1: Called Strike
1-2: Strikes out swinging
Batting: RHB Justin Johnson 0-0: Called Strike
0-1: Called Strike
0-2: Ball
1-2: Strikes out swinging
Batting: RHB Alejandro Ruíz 0-0: Ball
1-0: SINGLE (Groundball, 56)
Batting: LHB Todd Anderson 0-0: Called Strike
0-1: Swinging Strike
0-2: Fly out, F6 (Popup, 56D)
Top of the 9th over - 0 run(s), 1 hit(s), 0 error(s), 1 left on base; Mississippi 1 - Wake Forest 6
This league is powered by Out of the Park Baseball, the baseball management simulation game for PC, Mac and Linux
Wednesday, December 2nd, 2015 - OOTP Baseball 16.8 Build 38